 Dungeon Crawl Stone Soup version 0.25.0-9-g26727b657a (webtiles) character file.

Game seed: 6430027092357901427

186 po7itron the Skirmisher (level 5, -1/48 HPs)
             Began as a Minotaur Fighter on June 21, 2020.
             Blown up by a hobgoblin (16 damage)
             ... with a disintegration bolt
             ... on level 3 of the Dungeon.
             The game lasted 00:03:34 (1946 turns).

po7itron the Skirmisher (Minotaur Fighter)          Turns: 1946, Time: 00:03:35

Health: -1/48      AC: 16    Str: 21    XL:     5   Next: 38%
Magic:  4/4        EV:  8    Int:  5    God:
Gold:   83         SH:  9    Dex: 10    Spells: 4/4 levels left

rFire    . . .     SeeInvis .   l - +0 flail (protect)
rCold    . . .     Gourm    .   c - +0 kite shield
rNeg     + . .     Faith    .   b - +0 scale mail
rPois    .         Spirit   .   (helmet restricted)
rElec    .         Reflect  .   (no cloak)
rCorr    .         Harm     .   i - +1 pair of gloves
MR       .....                  (no boots)
Stlth    ..........             (no amulet)
HPRegen  0.16/turn              o - ring of positive energy
MPRegen  0.09/turn              (no ring)

@: protection aura
A: retaliatory headbutt, horns 2
a: no special abilities


You were on level 3 of the Dungeon.
You were not hungry.

You visited 1 branch of the dungeon, and saw 4 of its levels.

You collected 83 gold pieces.

Inventory:

Hand Weapons
 a - a +0 long sword
 l - a +0 flail of protection (weapon)
Missiles
 e - 8 javelins (quivered)
 m - 10 poisoned darts
Armour
 b - a +0 scale mail (worn)
 c - a +0 kite shield (worn)
 i - a +1 pair of gloves (worn)
Jewellery
 o - a ring of positive energy (left hand)
Wands
 q - a wand of clouds (5)
Scrolls
 g - a scroll of fog {unknown}
 j - 2 scrolls of teleportation {unknown}
 k - a scroll of noise {unknown}
 r - a scroll of amnesia {unknown}
 t - a scroll of enchant armour {unknown}
 u - a scroll of random uselessness {unknown}
 v - a scroll of remove curse {unknown}
 x - a scroll of fear {unknown}
Potions
 d - a potion of might
 h - 3 potions of mutation {unknown}
 n - a potion of haste {unknown}
 p - a potion of berserk rage {unknown}
 s - a potion of heal wounds {unknown}
 z - a potion of resistance {unknown}
Comestibles
 f - 6 rations
 w - 7 chunks of flesh


   Skills:
 + Level 5.3 Fighting
 + Level 4.3 Long Blades
 - Level 4.0 Armour
 + Level 2.3 Dodging
 - Level 4.0 Shields


You had 4 spell levels left.
You didn't know any spells.
Your spell library was empty.

Dungeon Overview and Level Annotations

Branches:
Dungeon (4/15)
 Temple: D:4-7

Altars:
Elyvilon
The Shining One


Innate Abilities, Weirdness & Mutations

You reflexively headbutt those who attack you in melee.
You have a pair of horns on your head.


Message History

The hobgoblin throws a stone.
You block the stone.
You hear a splash.
The hobgoblin throws a stone.
The stone hits you but does no damage.
You hear a splash.
You see here 2 stones.
The hobgoblin zaps a wand.
You are blasted!
You are too injured to fight recklessly!
You are too injured to fight recklessly!
You block the hobgoblin's attack.
Found 2 coppery potions.
You barely miss the hobgoblin. Your headbutt misses the hobgoblin.
The hobgoblin zaps a wand.
You are blasted!
You closely miss the hobgoblin. You headbutt the hobgoblin.
The hobgoblin is lightly wounded.
The hobgoblin hits you but does no damage.
You hit the hobgoblin.
Your weapon exudes an aura of protection.
The hobgoblin is moderately wounded.
The hobgoblin zaps a wand.
You are blasted!
You die...

......$...#
..........######....... ≈≈≈≈♣
...g.....<.....#.#.... ≈≈≈PP♣
##)##......###.._...!♣♣♣≈ ≈≈≈≈≈P♣
...............#.#..≈♣≈≈≈≈≈≈≈P≈PP
.#.............#...♣≈≈P≈≈≈≈≈≈P≈≈≈
.###...<..........♣PP≈≈P≈P≈≈≈≈≈≈P
..>..).....#.$....≈≈P≈≈≈≈≈≈≈≈≈≈≈≈
...###.##..####g@................
.... .............♣≈≈≈≈≈≈≈≈≈≈≈≈≈≈
...####..#.......(≈≈≈≈≈≈≈P≈≈≈≈≈P≈
#... #.......##♣(≈≈≈≈≈≈≈♣♣♣≈P≈≈
#.## ....### #≈PP≈≈≈≈♣♣ ♣♣≈≈≈ .$
##......♣≈≈≈≈P≈♣♣♣♣♣♣≈≈≈ ##
#######♣≈≈P≈P≈♣≈..♣♣≈≈≈
##♣≈≈♣♣♣≈....♣≈P) ..
#..♣≈♣........P≈≈


You could see a hobgoblin.

Vanquished Creatures
  An orc priest (D:3)
  An iguana (D:4)
  Jessica (D:2)
  5 adders
  An ooze (D:4)
  A worm (D:2)
  3 dart slugs
  4 orcs
  3 giant cockroaches
  6 goblins
  3 hobgoblins
  5 kobolds
  A ball python (D:3)
  6 bats
  4 frilled lizards
  4 rats
49 creatures vanquished.

Notes
Turn   | Place    | Note
-------+----------+-------------------------------------------
     0 | D:1      | po7itron the Minotaur Fighter began the quest for the Orb.
     0 | D:1      | Reached XP level 1. HP: 19/19 MP: 0/0
   238 | D:1      | Reached XP level 2. HP: 27/27 MP: 1/1
   278 | D:1      | You fall into a shaft and drop 1 floor!
   420 | D:2      | You fall into a shaft and drop 2 floors!
   437 | D:4      | Reached skill level 4 in Fighting
   437 | D:4      | Reached skill level 1 in Dodging
   437 | D:4      | Reached XP level 3. HP: 33/33 MP: 2/2
   446 | D:4      | Noticed an ogre
   499 | D:3      | Reached XP level 4. HP: 26/41 MP: 3/3
   509 | D:3      | Found a white marble altar of Elyvilon.
   702 | D:2      | Noticed Jessica
   705 | D:2      | Killed Jessica
   708 | D:2      | Found a glowing golden altar of the Shining One.
  1194 | D:2      | Reached skill level 5 in Fighting
  1213 | D:2      | Reached XP level 5. HP: 48/48 MP: 4/4
  1946 | D:3      | Blown up by a hobgoblin

Illustrated notes

Levels and vault maps discovered:
D:1:      tarquinn_simple_flora_water_f, layout_basic
D:2:      layout_basic, lemuel_crystal_altar, first_ration,
          hangedman_decor_growths, hex_medium, uniq_jessica
D:3:      layout_rooms, lemuel_crystal_altar, serial_bayou_lagoon_b
D:4:      layout_rooms, gammafunk_temple_overflow_pools,
          okawaru_metal_pillars_1_2, serial_glass, glass_columns_a,
          glass_columns_a, glass_columns_b, glass_columns_b, glass_columns_b,
          glass_columns_c, glass_columns_b, glass_columns_c, glass_columns_a,
          glass_columns_c, glass_columns_b, glass_columns_c, glass_columns_b,
          glass_columns_c, serial_shops, nicolae_shop_stone,
          gup_sewer_entry_bubbles

Skill      XL: |  1  2  3  4 |
---------------+-------------+-----
Fighting       | 4 5 |  5.3
Long Blades    | 3 4 |  4.3
Armour         | 4 |  4.0
Dodging        | 1 2 |  2.3
Shields        | 4 |  4.0

Action                   |  1- 3 |  4- 6 || total
-------------------------+-------+-------++-------
Melee: Long sword        |    51 |    74 ||   125
       Headbutt          |     7 |    16 ||    23
       Flail             |       |     8 ||     8
  Eat: Chunk             |       |     4 ||     4
Armor: Scale mail        |    16 |    36 ||    52
Dodge: Dodged            |    14 |    19 ||    33
Block: Kite shield       |    25 |    39 ||    64
       Rpst.: Long sword |     1 |     5 ||     6
